 Dungeon Sprint DCSS version 0.30-a0-920-g7493c07aab (webtiles) character file.

Game seed: 12185475271013263891

1800000 Atreus the Intangible (level 16, -26/104 HPs)
             Began as a Demonspawn Berserker on Mar 21, 2023.
             Was a High Priest of Trog.
             Annihilated by a meat berserker
             ... wielding a +9 battleaxe
              (30 damage)
             ... in the Dungeon (Sprint VIII: "Arena of Blood").
             The game lasted 00:01:54 (18 turns).

Atreus the Intangible (Demonspawn Berserker)          Turns: 18, Time: 00:01:55

Health: -26/104    AC:  7    Str: 24    XL:     16   Next: 98%
Magic:  15/26      EV: 25    Int: 10    God:    Trog [*****.]
Gold:   0          SH:  0    Dex: 13    Spells: 15/15 levels left

rFire   . . .      SeeInvis .    i - +∞ Axe of Woe
rCold   . . .      Faith    .    (shield currently unavailable)
rNeg    . . .      Spirit   .    b - +0 animal skin
rPois   .          Reflect  .    (no helmet)
rElec   .          Rampage  .    (no cloak)
rCorr   .          NoTele   +    (no gloves)
Will    +....                    (boots unavailable)
Stlth   +                        (no amulet)
HPRegen 8.37/turn                (no ring)
MPRegen 0.20/turn                (no ring)

@: no status effects
A: hooves 3, demonic guardian 2, powered by death 3, sharp scales 3
a: Renounce Religion, Berserk, Trog's Hand, Brothers in Arms


You were in the Dungeon.
You worshipped Trog.
Trog was extremely pleased with you.
You visited 1 branch

Inventory:

Hand Weapons
 a - a +0 short sword
 i - the +∞ Axe of Woe (weapon)
   (You found it in the Dungeon)
Armour
 b - a +0 animal skin (worn)
Potions
 c - a potion of curing
 e - a potion of haste
 f - 2 potions of magic
 g - a potion of berserk rage


   Skills:
 - Level 3.0 Fighting
 - Level 2.6(7.0) Short Blades
 + Level 10.1(10.3) Long Blades
 - Level 14.0(16.4) Axes
 + Level 10.1(14.7) Maces & Flails
 + Level 10.1(14.7) Polearms
 + Level 10.1(13.4) Staves
 + Level 10.1 Ranged Weapons
 + Level 10.1 Throwing
 O Level 27 Armour
 O Level 27 Dodging
 + Level 10.1 Shields
 + Level 10.1 Unarmed Combat
 + Level 14.1 Invocations
 + Level 11.0 Evocations


You had 15 spell levels left.
You didn't know any spells.
Your spell library was empty.

Dungeon Overview and Level Annotations

Branches:
Dungeon (1/1)

Altars:
Makhleb


Innate Abilities, Weirdness & Mutations

You have hooves in place of feet.
A demonic guardian rushes to your aid.
You regenerate a lot of health from kills.
You are completely covered in razor-sharp scales. (AC +3, Slay +3)


Message History

The meat berserker hits you with a +9 battleaxe!!!
Ouch! That really hurt!
* * * LOW HITPOINT WARNING * * *
You hear a shout! x6
Your Long Blades skill gained 3 levels and is now at level 10!
Your base Maces & Flails skill gained 3 levels and is now at level 10!
Your base Polearms skill gained 3 levels and is now at level 10!
Your base Staves skill gained 3 levels and is now at level 10!
Your Ranged Weapons skill gained 3 levels and is now at level 10!
Your Throwing skill gained 3 levels and is now at level 10!
Your Shields skill gained 3 levels and is now at level 10!
Your Unarmed Combat skill gained 3 levels and is now at level 10!
Your Invocations skill gained 4 levels and is now at level 14!
Your Evocations skill gained 4 levels and is now at level 11!
Cleave: i) +∞ Axe of Woe
Press: ? - help, Dir - move target, f - meat berserker
Aim: a meat berserker, wielding a +9 battleaxe and wearing a +30 ring of slaying (berserk, about 0% to evade the +∞ Axe of Woe)
You slice the meat berserker!!
You dissect the meat berserker like a pig carcass.
You kill the meat berserker!
Trog accepts your kill.
You slash the bag of meat!
You butcher the bag of meat messily.
You kill the bag of meat!
Trog accepts your kill.
The large bag of meat appears out of thin air!
A large bag of meat comes into view. It is wielding a +9 giant spiked club.
The large bag of meat shouts in stereo!
You hear a shout! x2
A bag of meat comes into view. It is wielding a +9 war axe.
Your orange demon barely misses the bag of meat.
Your orange demon closely misses the bag of meat.
You hear a shout! x3
A bag of meat comes into view. It is wielding a +9 war axe.
You hear a shout! x2
The bag of meat hits you with a +9 war axe!!
* * * LOW HITPOINT WARNING * * *
The bag of meat hits your orange demon with a +9 war axe!!
Your orange demon dies!
Your orange demon disappears in a puff of smoke!
The meat berserker hits you with a +9 battleaxe!!
You die...

#.. ...# .
#O.....###... ...###..
...........###......
..#........_...O.
#.......#.....# ##.
.......#_)<._# ....#
......#o.)O.#
......#.o..o§o._o.....
......)@O.Oo..###......
......ooo###..o
...###.. ....oo..o..#..
...# . ..o.....O..#..
...# ..#........o..
..... .#O#.#......oo
..#.#..O....... .#.#
#.........


You could see 3 large bags of meat, 3 meat berserkers and 16 bags of meat.

Vanquished Creatures
  5 ogres (D)
  15 orcs (D)
20 creatures vanquished.

Notes
Turn   | Place    | Note
-------+----------+-------------------------------------------
     0 | D        | Found the +∞ Axe of Woe
     0 | D        | Atreus the Demonspawn Berserker began the quest for the
                  | Orb.
     0 | D        | Reached XP level 1. HP: 18/18 MP: 1/1
     3 | D        | Noticed a bag of meat
     3 | D        | Noticed a bag of meat
     4 | D        | Noticed a bag of meat
     4 | D        | Noticed a bag of meat
     4 | D        | Noticed a bag of meat
     5 | D        | Noticed a bag of meat
     6 | D        | Noticed a bag of meat
     6 | D        | Noticed a bag of meat
     6 | D        | Noticed a bag of meat
     7 | D        | Noticed a bag of meat
     7 | D        | Noticed a meat berserker
     8 | D        | Noticed a bag of meat
     8 | D        | Noticed a meat berserker
     9 | D        | Killed a bag of meat
     9 | D        | Noticed a meat berserker
     9 | D        | Noticed a meat berserker
    10 | D        | Reached skill level 15 in Armour
    10 | D        | Gained mutation: You are partially covered in razor-sharp
                  | scales. (AC +1, Slay +1) [demonic ancestry]
    10 | D        | Reached XP level 2. HP: 21/24 MP: 2/2
    10 | D        | Gained mutation: You are mostly covered in razor-sharp
                  | scales. (AC +2, Slay +2) [demonic ancestry]
    10 | D        | Reached XP level 3. HP: 26/29 MP: 3/3
    10 | D        | Gained mutation: You are completely covered in razor-sharp
                  | scales. (AC +3, Slay +3) [demonic ancestry]
    10 | D        | Reached XP level 4. HP: 31/35 MP: 4/4
    10 | D        | Gained mutation: You regenerate a little health from kills.
                  | [demonic ancestry]
    10 | D        | Reached XP level 5. HP: 37/41 MP: 5/5
    10 | D        | Reached XP level 6. HP: 42/47 MP: 6/6
    10 | D        | Gained mutation: You have large cloven feet. [demonic
                  | ancestry]
    10 | D        | Reached XP level 7. HP: 47/52 MP: 7/7
    10 | D        | Reached XP level 8. HP: 52/58 MP: 8/8
    10 | D        | Reached XP level 9. HP: 57/63 MP: 9/9
    10 | D        | Gained mutation: You have hoof-like feet. [demonic
                  | ancestry]
    10 | D        | Reached XP level 10. HP: 63/70 MP: 10/10
    10 | D        | Killed a bag of meat
    10 | D        | Reached ** piety under Trog
    10 | D        | Killed a bag of meat
    10 | D        | Killed a bag of meat
    10 | D        | Noticed a bag of meat
    11 | D        | Reached XP level 11. HP: 11/75 MP: 11/11
    11 | D        | Gained mutation: You regenerate health from kills. [demonic
                  | ancestry]
    11 | D        | Reached XP level 12. HP: 12/81 MP: 12/12
    11 | D        | Gained mutation: A weak demonic guardian rushes to your
                  | aid. [demonic ancestry]
    11 | D        | Reached XP level 13. HP: 13/86 MP: 13/13
    11 | D        | Killed a meat berserker
    11 | D        | Killed a meat berserker
    11 | D        | Reached *** piety under Trog
    11 | D        | Killed a bag of meat
    11 | D        | Noticed a bag of meat
    11 | D        | Noticed a meat berserker
    11 | D        | Noticed a bag of meat
    12 | D        | Gained mutation: You have hooves in place of feet. [demonic
                  | ancestry]
    12 | D        | Reached XP level 14. HP: 17/93 MP: 14/14
    12 | D        | Noticed a meat berserker
    12 | D        | Noticed a meat berserker
    12 | D        | Noticed a bag of meat
    12 | D        | Noticed a bag of meat
    12 | D        | Noticed a bag of meat
    12 | D        | Noticed a bag of meat
    12 | D        | Noticed a bag of meat
    12 | D        | Noticed a bag of meat
    12 | D        | Noticed a bag of meat
    12 | D        | Noticed a bag of meat
    12 | D        | Noticed a bag of meat
    12 | D        | Noticed a bag of meat
    13 | D        | Noticed a bag of meat
    14 | D        | Killed a meat berserker
    14 | D        | Killed a bag of meat
    14 | D        | Reached **** piety under Trog
    15 | D        | Reached skill level 27 in Armour
    15 | D        | Reached skill level 27 in Dodging
    15 | D        | Gained mutation: A demonic guardian rushes to your aid.
                  | [demonic ancestry]
    15 | D        | Reached XP level 15. HP: 40/98 MP: 15/15
    15 | D        | Killed a meat berserker
    15 | D        | Noticed a large bag of meat
    16 | D        | Reached skill level 5 in Evocations
    16 | D        | Reached ***** piety under Trog
    17 | D        | Reached skill level 10 in Invocations
    17 | D        | Gained mutation: You regenerate a lot of health from kills.
                  | [demonic ancestry]
    17 | D        | Reached XP level 16. HP: 64/104 MP: 15/23
    17 | D        | Received a gift from Trog
    17 | D        | Noticed a large bag of meat
    17 | D        | Noticed a meat berserker
    18 | D        | Reached skill level 10 in Long Blades
    18 | D        | Reached skill level 10 in Maces & Flails
    18 | D        | Reached skill level 10 in Polearms
    18 | D        | Reached skill level 10 in Staves
    18 | D        | Reached skill level 10 in Ranged Weapons
    18 | D        | Reached skill level 10 in Throwing
    18 | D        | Reached skill level 10 in Shields
    18 | D        | Reached skill level 10 in Unarmed Combat
    18 | D        | Killed a meat berserker
    18 | D        | Noticed a large bag of meat
    18 | D        | HP: 4/104 [bag of meat/+9 war axe (25)]
    18 | D        | Annihilated by a meat berserker

Illustrated notes

Levels and vault maps discovered:
D:        meatsprint

Skill      XL: |  1  2  3  4  5  6  7  8  9 10 11 12 13 14 15 16 |
---------------+-------------------------------------------------+-----
Axes           | 8 14 | 14.0
Armour         | 15 19 24 27 | 27.0
Dodging        | 16 20 25 27 | 27.0
Long Blades    | 7 10 | 10.1
Maces & Flails | 7 10 | 10.1
Polearms       | 7 10 | 10.1
Staves         | 7 10 | 10.1
Ranged Weapons | 7 10 | 10.1
Throwing       | 7 10 | 10.1
Shields        | 7 10 | 10.1
Unarmed Combat | 7 10 | 10.1
Invocations    | 10 14 | 14.1
Evocations     | 7 11 | 11.0
Fighting       | |  3.0
Short Blades   | |  2.6

Action                     |  1- 3 |  4- 6 |  7- 9 | 10-12 | 13-15 | 16-18 || total
---------------------------+-------+-------+-------+-------+-------+-------++-------
  Melee: Executioner's axe |     1 |       |       |     1 |     4 |     2 ||     8
    Use: Scroll            |       |       |       |       |     1 |       ||     1
         Potion            |       |       |       |       |     1 |       ||     1

Table legend: (Time is in decaauts)
 A = Elapsed time spent in this place.
 B = Non-inter-level travel time spent in this place.
 C = Inter-level travel time spent in this place.
 D = Time resting spent in this place.
 E = Time spent auto-exploring this place.
 F = Levels seen in this place.
 G = Mean time per level.
                   A        B        C        D        E       F      G
               +--------+--------+--------+--------+--------+-----+--------+
         Total |     19 |     19 |      0 |      0 |      0 |   1 |   19.0 |
       Dungeon |     19 |     19 |      0 |      0 |      0 |   1 |   19.0 |
               +--------+--------+--------+--------+--------+-----+--------+

Top non-repeatable levels by time:
       D: 19 daAuts
